 Dungeon Crawl Stone Soup version 0.29.1-15-g9cfb28693d (webtiles) character file.

Game seed: 1384693842522180340

490 javelincjr the Magician (level 7, -1/53 HPs)
             Began as a Djinni Conjurer on Mar 22, 2023.
             Was a Believer of the Shining One.
             Slain by mkat's ghost (4 damage)
             ... on level 5 of the Dungeon.
             The game lasted 00:18:22 (4770 turns).

javelincjr the Magician (Djinni Conjurer)           Turns: 4770, Time: 00:18:22

Health: -1/53      AC:  6    Str: 10 (12) XL:     7   Next: 37%
Gold:   188        EV: 12    Int: 18 (19) God:    the Shining One [**....] SH:  0 Dex:  7 (10)

rFire   + + .      SeeInvis .   y - +4 dagger (venom)
rCold   x . .      Faith    .   (no shield)
rNeg    + . .      Spirit   .   r - +0 robe {Will+}
rPois   ∞          Reflect  .   A - +2 helmet
rElec   .          Harm     .   (no cloak)
rCorr   .          Rampage  .   t - +0 pair of gloves
Will    +....                   (boots unavailable)
Stlth   +.........              (no amulet)
HPRegen 0.17/turn               (no ring)
MPRegen 0.00/turn               (no ring)

@: flying, glowing
A: sickness immunity, fire resistance 2, cold vulnerability 1, float, innate
caster, HP casting, extra vitality 1, strong 1
a: Renounce Religion, Divine Shield


You were on level 5 of the Dungeon.
You worshipped the Shining One.
The Shining One was pleased with you.
You visited 1 branch of the dungeon, and saw 5 of its levels.

You collected 188 gold pieces.

Inventory:

Hand Weapons
 u - a +2 short sword of electrocution
 y - a +4 dagger of venom (weapon)
Armour
 r - a +0 robe of willpower (worn)
 t - a +0 pair of gloves (worn)
 w - a +0 crystal plate armour
 A - a +2 helmet (worn)
Magical Staves
 v - a staff of air
Jewellery
 n - a +4 ring of evasion
Wands
 x - a wand of polymorph (8)
Scrolls
 a - a scroll of butterflies {unknown}
 e - a scroll of immolation {unknown}
 i - 4 scrolls of identify {unknown}
 j - 2 scrolls of teleportation {unknown}
 k - 2 scrolls of poison {unknown}
 l - 2 scrolls of blinking {unknown}
 s - a scroll of torment {unknown}
 z - a scroll of magic mapping {unknown}
Potions
 b - a potion of magic
 f - a potion of might {unknown}
 g - 3 potions of curing {unknown}
 h - 2 potions of berserk rage {unknown}
 m - 2 potions of heal wounds
 o - a potion of invisibility {unknown}
 p - a potion of attraction {unknown}
 q - a potion of ambrosia {unknown}


   Skills:
 * Level 4.3 Fighting
 + Level 4.0 Dodging
 - Level 1.5 Stealth
 * Level 4.8 Spellcasting


You couldn't memorise any spells.
You knew the following spells:

 Your Spells              Type           Power      Damage    Failure   Level
a - Magic Dart            Conj           84%        1d7       1%          1
b - Searing Ray           Conj           42%        2d6       2%          2
c - Dazzling Flash        Conj/Hex       42%        N/A       5%          3
d - Fulminant Prism       Conj/Hex       10%        3d9       19%         4
e - Iskenderun's Mystic   Conj/Tloc      21%        2d6       19%         4
f - Sting                 Tmut/Pois      84%        1d7       1%          1
g - Static Discharge      Conj/Air       21%        3-6/arc   2%          2
h - Summon Guardian Gole  Hex/Summ       21%        N/A       5%          3
Your spell library was empty.

Dungeon Overview and Level Annotations

Branches:
Dungeon (5/15)
 Temple: D:4-7

Altars:
Nemelex Xobeh
Ru
Xom
The Shining One

Shops:
D:1 (   D:4 **

Annotations:
D:5 mkat's ghost, novice KoWn


Innate Abilities, Weirdness & Mutations

You are immune to sickness and miasma.
You are immune to poison.
Your flesh is very heat resistant. (rF++)
You are vulnerable to cold. (rC-)
You float through the air rather than walking.
You learn spells naturally, not from books.
Your magical power is your life essence.
You have superior vitality. (+4 MHP)
Your muscles are strong. (Str +4, Int/Dex -1)


Message History

You finish channelling your searing ray.
Mkat's ghost hits you but does no damage.
Mkat's ghost says, "You sneer at my short blade, I will sneer at your cold corpse."
Mkat's ghost closely misses you.
Casting: Searing Ray (safe; 2% risk of failure)
Confirm with . or Enter, or press ? or * to list all spells.
Aiming: Searing Ray (safe; 2% risk of failure)
Press: ? - help, Shift-Dir - straight line, f/p - mkat's ghost
Aim: mkat's ghost (severely damaged, ally target, haloed, 82% to hit)
The searing ray hits mkat's ghost but does no damage.
Mkat's ghost is severely damaged. (Press . to maintain the ray.) Mkat's ghost hits you.
* * * LOW HITPOINT WARNING * * *
Your magical contamination has completely faded away.
The searing ray hits mkat's ghost but does no damage.
Mkat's ghost is severely damaged.
* * * LOW HITPOINT WARNING * * *
Your guardian golem disappears in a puff of smoke!
Mkat's ghost barely misses you.
The searing ray misses mkat's ghost.
* * * LOW HITPOINT WARNING * * *
Mkat's ghost hits you.
* * * LOW HITPOINT WARNING * * *
The searing ray hits mkat's ghost!
Mkat's ghost is almost destroyed.
* * * LOW HITPOINT WARNING * * *
You finish channelling your searing ray.
Mkat's ghost barely misses you.
Casting: Searing Ray (safe; 2% risk of failure)
Confirm with . or Enter, or press ? or * to list all spells.
Aiming: Searing Ray (safe; 2% risk of failure)
Press: ? - help, Shift-Dir - straight line, f/p - mkat's ghost
Aim: mkat's ghost (almost destroyed, haloed, 82% to hit)
The searing ray hits mkat's ghost.
Mkat's ghost is almost destroyed. (Press . to maintain the ray.)
* * * LOW HITPOINT WARNING * * *
Mkat's ghost hits you.
You die...

#. #.._..##.# #..# #.#
#. #.....##.# #..# #.#
#. #⌠#.#⌠##.# #..# #.#
#.####.####.# #..#####.#
..........#.# #......#.#
.#######.##.####.###.#.#
..................#.#.#
.#####.###.####.#.#.#.#
#.#####..#@#.....#
###~⌠~##.#W###.######
#.....#.)..........#
..###.))#.###.####.#
.....))..# #.#
$.###)'...# #.#
###.....#.#.# #.#
#.##~⌠~##.#.# #.#
#..#####..#.# #.#


You could see mkat's ghost.

Vanquished Creatures
  A kobold brigand (D:5)
  Blork the orc (D:4)
  2 scorpions
  3 orc wizards
  Robin (D:4)
  4 adders
  3 dart slugs
  A worm (D:2)
  7 orcs
  4 ball pythons
  7 endoplasms
  2 giant cockroaches
  15 goblins
  11 hobgoblins
  7 jackals
  17 kobolds
  7 quokkas
  3 bats
  2 frilled lizards
  9 rats
107 creatures vanquished.

Vanquished Creatures (others)
  2 fulminant prisms (D:5)
  2 fungi (D:5)
  2 plants (D:5)
6 creatures vanquished.

Grand Total: 113 creatures vanquished

Notes
Turn   | Place    | Note
-------+----------+-------------------------------------------
     0 | D:1      | javelincjr the Djinni Conjurer began the quest for the Orb.
     0 | D:1      | javelincjr set off with the following spells memorised:
                  | Magic Dart, Searing Ray, Dazzling Flash, Fulminant Prism,
                  | Iskenderun's Mystic Blast.
     0 | D:1      | Reached XP level 1. HP: 15/15 MP: 0/0
   105 | D:1      | Found Millue's Weapon Shoppe.
   273 | D:1      | Reached XP level 2. HP: 16/22 MP: 0/0
   278 | D:1      | Reached skill level 1 in Fighting
   521 | D:1      | Found a faded altar of an unknown god.
   532 | D:1      | Prayed at the altar of an unknown god.
   532 | D:1      | Became a worshipper of the Shining One
   532 | D:1      | Reached * piety under the Shining One
  1146 | D:2      | Reached XP level 3. HP: 25/27 MP: 0/0
  1146 | D:2      | Learned a level 1 spell: Sting
  1496 | D:2      | Reached XP level 4. HP: 28/33 MP: 0/0
  2541 | D:3      | Reached XP level 5. HP: 29/39 MP: 0/0
  2541 | D:3      | Learned a level 2 spell: Static Discharge
  3102 | D:3      | Found a sacrificial altar of Ru.
  3430 | D:4      | Reached XP level 6. HP: 25/46 MP: 0/0
  3450 | D:4      | Noticed Blork the orc
  3465 | D:4      | HP: 2/46 [Blork the orc/puff of frost (10)]
  4054 | D:4      | Killed Blork the orc
  4345 | D:4      | Found Otet Reis's Specific Store.
  4347 | D:4      | Found Baokyta's General Store.
  4364 | D:4      | Found a shimmering altar of Xom.
  4385 | D:4      | Noticed Robin
  4394 | D:4      | Killed Robin
  4600 | D:5      | Entered Level 5 of the Dungeon
  4623 | D:5      | Reached ** piety under the Shining One
  4629 | D:5      | Reached XP level 7. HP: 47/52 MP: 0/0
  4629 | D:5      | Learned a level 3 spell: Summon Guardian Golem
  4656 | D:5      | Found a runed translucent gate.
  4657 | D:5      | Found a runed translucent gate.
  4657 | D:5      | Found a runed translucent gate.
  4657 | D:5      | Noticed mkat's ghost (novice KoWn)
  4691 | D:5      | Found a sparkling altar of Nemelex Xobeh.
  4757 | D:5      | Gained mutation: Your muscles are strong. (Str +4, Int/Dex
                  | -1) [potion of mutation]
  4770 | D:5      | Slain by mkat's ghost

Illustrated notes

Levels and vault maps discovered:
D:1:      eino_arrival_cavern_a, layout_rooms,
          hellmonk_ecumenical_altar_zigzags, serial_shops, shop
D:2:      layout_basic, basic_altar, minmay_misc_feat_square,
          chequers_decorated_corner, st_stairs_5, minmay_between
D:3:      layout_loops_ring, lemuel_tele_altar, nicolae_ru_the_path_less_chosen,
          minmay_close_crescents
D:4:      layout_gridville, mainiacjoe_overflow_chevrons,
          nicolae_specific_store, nrook_mini_backslash, uniq_robin,
          uniq_blork_the_orc
D:5:      kennysheep_windowed_halls, layout_basic,
          grunt_temple_overflow_lords_of_destruction, amcnicky_altar_gilded,
          mainiacjoe_overflow_alcove_2, gammafunk_ghost_nasty_kobolds

Skill      XL: |  1  2  3  4  5  6  7 |
---------------+----------------------+-----
Fighting       | 1 2 3 4 |  4.3
Dodging        | 3 4 |  4.0
Spellcasting   | 4 |  4.8
Stealth        | |  1.5

Action                   |  1- 3 |  4- 6 |  7- 9 || total
-------------------------+-------+-------+-------++-------
Melee: Unarmed           |       |     2 |       ||     2
       Dagger            |       |     6 |    16 ||    22
       Short sword       |       |     1 |       ||     1
       Punch             |       |       |     1 ||     1
 Cast: Magic Dart        |    49 |    74 |       ||   123
       Searing Ray       |     1 |    17 |     5 ||    23
       Sting             |     1 |     7 |       ||     8
       Static Discharge  |       |     9 |       ||     9
       Iskenderun's Myst |       |     3 |       ||     3
       Fulminant Prism   |       |       |     2 ||     2
       Summon Guardian G |       |       |     1 ||     1
  Use: Potion            |       |       |     4 ||     4
Armor: Robe              |     2 |     9 |     6 ||    17
Dodge: Dodged            |     5 |    28 |    14 ||    47
